TOP OF THE 1ST |
Bloomington Longnecks batting - Pitching for Plymouth Rocks : RHP Ken Shelton
|
Pitching: RHP Ken Shelton
|
|
Batting: RHB Silvio Bonauiti
|
0-0: Foul Ball, location: 2F 0-1: Fly out, F9 (Flyball, 9D)
|
Batting: RHB Frank Crocker
|
0-0: Called Strike 0-1: Ball 1-1: Fly out, F7 (Flyball, 7)
|
Batting: LHB Calvin Wilms
|
0-0: Called Strike 0-1: Ground out 1-3 (Groundball, 15S)
|
Top of the 1st over - 0 runs, 0 hits, 0 errors, 0 left on base; Bloomington 0 - Plymouth 0 |
BOTTOM OF THE 1ST |
Plymouth Rocks batting - Pitching for Bloomington Longnecks : LHP Gabriel Valenzuela
|
Pitching: LHP Gabriel Valenzuela
|
|
Batting: LHB José Castillo
|
0-0: Ball 1-0: Ball 2-0: Called Strike 2-1: Ball 3-1: Base on Balls
|
Batting: RHB Chris Costa
|
0-0: Ball 1-0: Swinging Strike 1-1: Ball José Castillo is caught stealing 2nd base 2-1: SINGLE (Line Drive, 78S)
|
Batting: LHB Adrian McCoy
|
0-0: Foul Ball, location: 2F 0-1: Ball 1-1: Ball 2-1: Swinging Strike 2-2: Ball 3-2: Strikes out swinging
|
Batting: RHB Sadakuno Taketo
|
0-0: Foul Ball, location: 2F 0-1: Ball Chris Costa steals 2nd base 1-1: Ball 2-1: Ball 3-1: Base on Balls
|
Batting: SHB Javier Vega
|
0-0: Called Strike 0-1: Ball 1-1: Ball 2-1: Fly out, F7 (Flyball, 78D)
|
Bottom of the 1st over - 0 runs, 1 hit, 0 errors, 2 left on base; Bloomington 0 - Plymouth 0 |
TOP OF THE 2ND |
Bloomington Longnecks batting - Pitching for Plymouth Rocks : RHP Ken Shelton
|
Batting: LHB John Schaefer
|
0-0: Fly out, F8 (Flyball, 8RS)
|
Batting: RHB Masafumi Ito
|
0-0: Foul Ball, location: 2F 0-1: Ball 1-1: Ball 2-1: Ball 3-1: Base on Balls
|
Batting: RHB Chet Hollis
|
0-0: Ball 1-0: Ball Passed Ball! Masafumi Ito to second 2-0: Ball 3-0: Called Strike 3-1: Swinging Strike 3-2: Strikes out swinging
|
Batting: RHB Carlos Cardona
|
0-0: Ball 1-0: Fly out, F9 (Flyball, 9LS)
|
Top of the 2nd over - 0 runs, 0 hits, 0 errors, 1 left on base; Bloomington 0 - Plymouth 0 |
BOTTOM OF THE 2ND |
Plymouth Rocks batting - Pitching for Bloomington Longnecks : LHP Gabriel Valenzuela
|
Batting: RHB Cosmo Bjorkenheim
|
0-0: Called Strike 0-1: Swinging Strike 0-2: Ball 1-2: Ball 2-2: TRIPLE (Flyball, 78XD)
|
Batting: SHB Raúl Rodríguez
|
0-0: Called Strike 0-1: Fly out, F7 (Flyball, 78M) Runner from 3rd tags up, SCORES, throw made
|
Batting: LHB Jeff Lawson
|
0-0: Called Strike 0-1: Ball 1-1: Ball 2-1: Ground out 6-3 (Groundball, 6)
|
Batting: RHB Luis Guerrero
|
0-0: Ball 1-0: Foul Ball, location: 2F 1-1: DOUBLE (Groundball, 5L)
|
Batting: LHB José Castillo
|
0-0: Called Strike 0-1: Ball 1-1: Foul Ball, location: 2F 1-2: Foul Ball, location: 2F 1-2: Ball 2-2: Ball Wild Pitch! Luis Guerrero to third 3-2: Fly out, F5 (Popup, 25F)
|
Bottom of the 2nd over - 1 run, 2 hits, 0 errors, 1 left on base; Bloomington 0 - Plymouth 1 |
TOP OF THE 3RD |
Bloomington Longnecks batting - Pitching for Plymouth Rocks : RHP Ken Shelton
|
Batting: RHB Ty Struck
|
0-0: Called Strike 0-1: Ball 1-1: Fly out, F8 (Flyball, 78M)
|
Batting: LHB César Gómes
|
0-0: Ball 1-0: Called Strike 1-1: Ground out U3 (Groundball, 34)
|
Batting: RHB Silvio Bonauiti
|
0-0: Foul Ball, location: 2F 0-1: Foul Ball, location: 2F 0-2: Ball 1-2: SINGLE (Line Drive, 4MD)
|
Batting: RHB Frank Crocker
|
0-0: Swinging Strike 0-1: Called Strike 0-2: Ball 1-2: Foul Ball, location: 2F 1-2: Ball 2-2: Foul Ball, location: 2F 2-2: Foul Ball, location: 2F 2-2: Foul Ball, location: 2F 2-2: Foul Ball, location: 2F 2-2: Foul Ball, location: 2F 2-2: Ball 3-2: Strikes out swinging
|
Top of the 3rd over - 0 runs, 1 hit, 0 errors, 1 left on base; Bloomington 0 - Plymouth 1 |
BOTTOM OF THE 3RD |
Plymouth Rocks batting - Pitching for Bloomington Longnecks : LHP Gabriel Valenzuela
|
Batting: RHB Chris Costa
|
0-0: Ball 1-0: SINGLE (Flyball, 8LS)
|
Batting: LHB Adrian McCoy
|
0-0: Ball 1-0: SINGLE (Groundball, 6D) Chris Costa to second
|
Batting: RHB Sadakuno Taketo
|
0-0: Ball 1-0: Ball 2-0: Ball 3-0: Called Strike 3-1: Fly out, F7 (Flyball, 7LMF)
|
Batting: SHB Javier Vega
|
0-0: Called Strike 0-1: Ball 1-1: Ball 2-1: Foul Ball, location: 2F 2-2: Ball 3-2: Foul Ball, location: 2F 3-2: Base on Balls Chris Costa to third Adrian McCoy to second
|
Batting: RHB Cosmo Bjorkenheim
|
0-0: Grounds into double play, 2-2-3 (Groundball, 15S)
|
Bottom of the 3rd over - 0 runs, 2 hits, 0 errors, 2 left on base; Bloomington 0 - Plymouth 1 |
TOP OF THE 4TH |
Bloomington Longnecks batting - Pitching for Plymouth Rocks : RHP Ken Shelton
|
Batting: LHB Calvin Wilms
|
0-0: Ball 1-0: Foul Ball, location: 2F 1-1: Ball 2-1: Foul Ball, location: 2F 2-2: Foul Ball, location: 2F 2-2: Foul Ball, location: 2F 2-2: Foul Ball, location: 2F 2-2: Ball 3-2: Foul Ball, location: 2F 3-2: Foul Ball, location: 2F 3-2: Ground out 3-1 (Groundball, 34S)
|
Batting: LHB John Schaefer
|
0-0: Called Strike 0-1: SINGLE (Flyball, 8RS)
|
Batting: RHB Masafumi Ito
|
0-0: Ball 1-0: Swinging Strike 1-1: Called Strike 1-2: Ball 2-2: Strikes out swinging
|
Batting: RHB Chet Hollis
|
0-0: Ball 1-0: Called Strike 1-1: Called Strike 1-2: Foul Ball, location: 2F 1-2: Strikes out looking
|
Top of the 4th over - 0 runs, 1 hit, 0 errors, 1 left on base; Bloomington 0 - Plymouth 1 |
BOTTOM OF THE 4TH |
Plymouth Rocks batting - Pitching for Bloomington Longnecks : LHP Gabriel Valenzuela
|
Batting: SHB Raúl Rodríguez
|
0-0: Ball 1-0: Called Strike 1-1: Ball 2-1: Swinging Strike 2-2: Ball 3-2: Foul Ball, location: 2F 3-2: Strikes out swinging
|
Batting: LHB Jeff Lawson
|
0-0: Fly out, F7 (Flyball, 7LS)
|
Batting: RHB Luis Guerrero
|
0-0: Foul Ball, location: 2F 0-1: Ground out 4-3 (Groundball, 4)
|
Bottom of the 4th over - 0 runs, 0 hits, 0 errors, 0 left on base; Bloomington 0 - Plymouth 1 |
TOP OF THE 5TH |
Bloomington Longnecks batting - Pitching for Plymouth Rocks : RHP Ken Shelton
|
Batting: RHB Carlos Cardona
|
0-0: Foul Ball, location: 2F 0-1: Foul Ball, location: 2F 0-2: Fly out, F4 (Line Drive, 4)
|
Batting: RHB Ty Struck
|
0-0: Ball 1-0: Foul Ball, location: 2F 1-1: Ball 2-1: Fly out, F7 (Line Drive, 7)
|
Batting: LHB César Gómes
|
0-0: SINGLE (Groundball, 4MD)
|
Batting: RHB Silvio Bonauiti
|
0-0: Ball 1-0: SINGLE (Flyball, 9LS) César Gómes to second Runner from 2nd tries for 3rd, SAFE, no throw
|
Batting: RHB Frank Crocker
|
0-0: Ball 1-0: Foul Ball, location: 2F 1-1: Swinging Strike 1-2: Foul Ball, location: 2F 1-2: Ground out 4-3 (Groundball, 4)
|
Top of the 5th over - 0 runs, 2 hits, 0 errors, 2 left on base; Bloomington 0 - Plymouth 1 |
BOTTOM OF THE 5TH |
Plymouth Rocks batting - Pitching for Bloomington Longnecks : LHP Gabriel Valenzuela
|
Batting: LHB José Castillo
|
0-0: Called Strike 0-1: Ball 1-1: SINGLE (Groundball, 3S) (infield hit)
|
Batting: RHB Chris Costa
|
0-0: SINGLE (Groundball, 56D) José Castillo to second
|
Batting: LHB Adrian McCoy
|
0-0: Ball 1-0: Foul Ball, location: 2F 1-1: Foul Ball, location: 2F 1-2: Foul Ball, location: 2F 1-2: Foul Ball, location: 2F 1-2: Ball 2-2: Foul Ball, location: 2F 2-2: Fly out, F9 (Flyball, 89D) Runner from 2nd tags up, SAFE at 3rd, no throw
|
Batting: RHB Sadakuno Taketo
|
0-0: Called Strike 0-1: Foul Ball, location: 2F 0-2: Ball 1-2: Strikes out looking
|
Batting: SHB Javier Vega
|
0-0: SINGLE (Groundball, 13S) (infield hit) José Castillo scores Chris Costa to second
|
Batting: RHB Cosmo Bjorkenheim
|
0-0: Ball 1-0: Ball 2-0: Foul Ball, location: 2F 2-1: Foul Ball, location: 2F 2-2: Strikes out swinging
|
Bottom of the 5th over - 1 run, 3 hits, 0 errors, 2 left on base; Bloomington 0 - Plymouth 2 |
TOP OF THE 6TH |
Bloomington Longnecks batting - Pitching for Plymouth Rocks : RHP Ken Shelton
|
Batting: LHB Calvin Wilms
|
0-0: Ball 1-0: Foul Ball, location: 2F 1-1: Ball 2-1: Ground out 4-3 (Groundball, 4)
|
Batting: LHB John Schaefer
|
0-0: Ball 1-0: Foul Ball, location: 2F 1-1: Ball 2-1: Fly out, F8 (Line Drive, 8LXD)
|
Batting: RHB Masafumi Ito
|
0-0: Ball 1-0: Swinging Strike 1-1: Swinging Strike 1-2: Ball 2-2: Foul Ball, location: 2F 2-2: Ball 3-2: Base on Balls
|
Batting: RHB Chet Hollis
|
0-0: Called Strike 0-1: Foul Ball, location: 2F 0-2: Strikes out swinging
|
Top of the 6th over - 0 runs, 0 hits, 0 errors, 1 left on base; Bloomington 0 - Plymouth 2 |
BOTTOM OF THE 6TH |
Plymouth Rocks batting - Pitching for Bloomington Longnecks : LHP Gabriel Valenzuela
|
Pitching: LHP Jesús Medina
|
|
Batting: SHB Raúl Rodríguez
|
0-0: Ball 1-0: Ball 2-0: Ball 3-0: Base on Balls
|
Batting: LHB Jeff Lawson
|
0-0: Sac Bunt - play at first, batter OUT! 1-3 Raúl Rodríguez to second
|
Batting: RHB Luis Guerrero
|
0-0: Called Strike Raúl Rodríguez steals 3rd base 0-1: Ball 1-1: Called Strike 1-2: Ball 2-2: Ground out 6-3 (Groundball, 6)
|
Batting: LHB José Castillo
|
0-0: Ball 1-0: Called Strike 1-1: Foul Ball, location: 2F 1-2: Foul Ball, location: 2F 1-2: Ground out 6-3 (Groundball, 6)
|
Bottom of the 6th over - 0 runs, 0 hits, 0 errors, 1 left on base; Bloomington 0 - Plymouth 2 |
TOP OF THE 7TH |
Bloomington Longnecks batting - Pitching for Plymouth Rocks : RHP Ken Shelton
|
Batting: RHB Carlos Cardona
|
0-0: Ball 1-0: Ball 2-0: Called Strike 2-1: Ball 3-1: Foul Ball, location: 2F 3-2: DOUBLE (Line Drive, 78D)
|
Batting: RHB Ty Struck
|
0-0: Ball 1-0: Ball 2-0: Foul Ball, location: 2F 2-1: Fly out, F8 (Flyball, 8RM)
|
Batting: LHB César Gómes
|
0-0: Bunted foul 0-1: Ball 1-1: Foul Ball, location: 2F 1-2: SINGLE (Groundball, 5D) Carlos Cardona to third
|
Batting: RHB Silvio Bonauiti
|
0-0: Ball 1-0: Called Strike 1-1: Ball 2-1: Ball 3-1: Foul Ball, location: 2F 3-2: Base on Balls César Gómes to second
|
Pitching: RHP Frank Castle
|
|
Batting: RHB Frank Crocker
|
0-0: Hit by Pitch Carlos Cardona scores César Gómes to third Silvio Bonauiti to second
|
Batting: LHB Calvin Wilms
|
0-0: Foul Ball, location: 2F 0-1: Grounds into fielders choice 1-2 (Groundball, P) Silvio Bonauiti to third Frank Crocker to second
|
Batting: LHB John Schaefer
|
0-0: Ground out 4-3 (Groundball, 4)
|
Top of the 7th over - 1 run, 2 hits, 0 errors, 3 left on base; Bloomington 1 - Plymouth 2 |
BOTTOM OF THE 7TH |
Plymouth Rocks batting - Pitching for Bloomington Longnecks : LHP Jesús Medina
|
Batting: RHB Chris Costa
|
0-0: Ball 1-0: Ball 2-0: Fly out, F8 (Flyball, 89D)
|
Batting: LHB Adrian McCoy
|
0-0: Ball 1-0: Ball 2-0: Called Strike 2-1: Called Strike 2-2: Ball 3-2: Base on Balls
|
Batting: RHB Sadakuno Taketo
|
0-0: SINGLE (Groundball, 4MD) Adrian McCoy to second
|
Batting: SHB Javier Vega
|
0-0: Ball 1-0: Called Strike 1-1: Fly out, F6 (Popup, 6M)
|
Batting: RHB Cosmo Bjorkenheim
|
0-0: Ball 1-0: Swinging Strike 1-1: Ball 2-1: Foul Ball, location: 2F 2-2: Foul Ball, location: 2F 2-2: 3-RUN HOME RUN (Flyball, 78D), Distance : 447 ft
|
Pitching: RHP Vicente Escamilla
|
|
Batting: SHB Raúl Rodríguez
|
0-0: Swinging Strike 0-1: SOLO HOME RUN (Line Drive, 9D), Distance : 374 ft
|
Batting: LHB Jeff Lawson
|
0-0: Ball 1-0: Ball 2-0: Ball 3-0: Called Strike 3-1: Fly out, F6 (Line Drive, 6)
|
Bottom of the 7th over - 4 runs, 3 hits, 0 errors, 0 left on base; Bloomington 1 - Plymouth 6 |
TOP OF THE 8TH |
Bloomington Longnecks batting - Pitching for Plymouth Rocks : RHP Frank Castle
|
Now at 2B: Kazu Hishida
|
|
Batting: RHB Masafumi Ito
|
0-0: Called Strike 0-1: Fly out, F6 (Popup, 6M)
|
Batting: RHB Chet Hollis
|
0-0: Ball 1-0: SINGLE (Groundball, 56D)
|
Batting: RHB Carlos Cardona
|
0-0: SINGLE (Groundball, 56D) Chet Hollis to second
|
Batting: RHB Ty Struck
|
0-0: Ball 1-0: Ball 2-0: Called Strike 2-1: Called Strike 2-2: Foul Ball, location: 2F 2-2: Ball 3-2: Base on Balls Chet Hollis to third Carlos Cardona to second
|
Batting: LHB César Gómes
|
0-0: Ball 1-0: Ball 2-0: Called Strike 2-1: Foul Ball, location: 2F 2-2: Foul Ball, location: 2F 2-2: Ball 3-2: Foul Ball, location: 2F 3-2: Strikes out swinging
|
Batting: RHB Silvio Bonauiti
|
0-0: Ball 1-0: Ball 2-0: Ball 3-0: Base on Balls Chet Hollis scores Carlos Cardona to third Ty Struck to second
|
Batting: RHB Frank Crocker
|
0-0: Ball 1-0: Ball 2-0: Ball 3-0: Called Strike 3-1: Called Strike 3-2: Ground out 5-3 (Groundball, 56)
|
Top of the 8th over - 1 run, 2 hits, 0 errors, 3 left on base; Bloomington 2 - Plymouth 6 |
BOTTOM OF THE 8TH |
Plymouth Rocks batting - Pitching for Bloomington Longnecks : RHP Vicente Escamilla
|
Batting: RHB Luis Guerrero
|
0-0: Called Strike 0-1: Swinging Strike 0-2: Foul Ball, location: 2F 0-2: Ball 1-2: Ball 2-2: Ball 3-2: Foul Ball, location: 2F 3-2: SINGLE (Line Drive, 6MD)
|
Batting: LHB José Castillo
|
0-0: Called Strike 0-1: Ball 1-1: Called Strike Luis Guerrero steals 2nd base 1-2: Ball 2-2: Ball 3-2: Foul Ball, location: 2F 3-2: Foul Ball, location: 2F 3-2: Foul Ball, location: 2F 3-2: Base on Balls
|
Batting: RHB Chris Costa
|
0-0: Foul Ball, location: 2F 0-1: Foul Ball, location: 2F 0-2: Ball 1-2: DOUBLE (Groundball, 5L) Luis Guerrero scores José Castillo to third Runner from 3rd tries for Home, SAFE, no throw
|
Batting: LHB Adrian McCoy
|
0-0: Ball 1-0: Foul Ball, location: 2F 1-1: Swinging Strike 1-2: Ball 2-2: Foul Ball, location: 2F 2-2: Ball 3-2: Foul Ball, location: 2F 3-2: Foul Ball, location: 2F 3-2: Base on Balls
|
Batting: RHB Sadakuno Taketo
|
0-0: Ball 1-0: Fly out, F4 (Line Drive, 4)
|
Batting: SHB Javier Vega
|
0-0: Swinging Strike 0-1: Swinging Strike 0-2: Ball 1-2: Ball 2-2: Strikes out swinging
|
Batting: RHB Kazu Hishida
|
0-0: Foul Ball, location: 2F 0-1: Swinging Strike 0-2: Fielders Choice at 2nd, 5-4 (Groundball, 5L)
|
Bottom of the 8th over - 2 runs, 2 hits, 0 errors, 2 left on base; Bloomington 2 - Plymouth 8 |
TOP OF THE 9TH |
Bloomington Longnecks batting - Pitching for Plymouth Rocks : RHP Frank Castle
|
Batting: LHB Calvin Wilms
|
0-0: Called Strike 0-1: SINGLE (Line Drive, 4MD)
|
Batting: LHB John Schaefer
|
0-0: Ball 1-0: Called Strike 1-1: Fly out, F7 (Flyball, 7S)
|
Batting: RHB Masafumi Ito
|
0-0: Ball Wild Pitch! Calvin Wilms to second 1-0: Swinging Strike 1-1: SINGLE (Groundball, 6MD) Calvin Wilms to third
|
Batting: RHB Chet Hollis
|
0-0: Called Strike 0-1: Ball 1-1: Ball 2-1: Ball 3-1: SINGLE (Line Drive, 56D) Calvin Wilms scores Masafumi Ito to second
|
Batting: RHB Carlos Cardona
|
0-0: Foul Ball, location: 2F 0-1: Foul Ball, location: 2F 0-2: Ball 1-2: Ball 2-2: Strikes out swinging
|
Batting: RHB Ty Struck
|
0-0: Foul Ball, location: 2F 0-1: Foul Ball, location: 2F 0-2: Foul Ball, location: 2F 0-2: Ball 1-2: Ball 2-2: Fly out, F8 (Flyball, 8LD)
|
Top of the 9th over - 1 run, 3 hits, 0 errors, 2 left on base; Bloomington 3 - Plymouth 8 |
|